 Dungeon Crawl Stone Soup version 0.27-a0-631-g2d681adce0 (webtiles) character file.

Game seed: 9793959514696290048

84 HoaS the Ruffian (level 4, -5/36 HPs)
             Began as a Demigod Gladiator on Mar 13, 2021.
             Killed from afar by an orc wizard (14 damage)
             ... with a puff of flame
             ... on level 2 of the Dungeon.
             The game lasted 00:02:17 (1867 turns).

HoaS the Ruffian (Demigod Gladiator)                Turns: 1867, Time: 00:02:17

Health: -5/36      AC:  4    Str: 19    XL:     4   Next: 4%
Magic:  6/6        EV: 13    Int: 10    God:
Gold:   84         SH:  0    Dex: 21    Spells: 3/3 levels left

rFire    . . .     SeeInvis .     - Unarmed
rCold    . . .     Faith    .   (no shield)
rNeg     . . .     Spirit   .   a - +0 leather armour
rPois    .         Reflect  .   b - +0 helmet
rElec    .         Harm     .   (no cloak)
rCorr    .         Rampage  .   (no gloves)
Will     .....                  (no boots)
Stlth    +.........             (no amulet)
HPRegen  0.12/turn              h - +6 ring of dexterity
MPRegen  0.10/turn              (no ring)

@: confused, lethally poisoned (-5 -> -11)
A: high mp 1, forlorn
a: no special abilities


You were on level 2 of the Dungeon.
You visited 1 branch of the dungeon, and saw 2 of its levels.

You collected 84 gold pieces.

Inventory:

Missiles
 c - 3 throwing nets (quivered)
Armour
 a - a +0 leather armour (worn)
 b - a +0 helmet (worn)
Jewellery
 h - a +6 ring of dexterity (right hand)
Potions
 d - 3 potions of flight {unknown}
 e - a potion of magic {unknown}
 g - a potion of berserk rage {unknown}


   Skills:
 - Level 1.7 Fighting
 - Level 1.7 Throwing
 - Level 2.6 Dodging
 + Level 4.6 Unarmed Combat


You had 3 spell levels left.
You didn't know any spells.
Your spell library was empty.

Dungeon Overview and Level Annotations

Branches:
Dungeon (2/15)


Innate Abilities, Weirdness & Mutations

Your attributes grow dramatically as you level up.
You have an increased reservoir of magic. (+10% MP)
You shall have no god before yourself.


Message History

The adder hisses angrily.
Something hits you.
You bump into the rock wall.
The orc hits you from afar with a +0 spear.
Something hits you but does no damage.
You miss something. The orc misses you.
You bump into the rock wall.
You feel less confused. Something hits you but does no damage.
The adder bites you. The orc hits you but does no damage.
You hit something. The adder closely misses you. Something hits you.
The orc hits you but does no damage.
You miss something. The adder misses you. Something hits you!
The orc misses you. The adder completely misses you.
You barely miss the adder. Something hits you but does no damage.
The adder bites you but does no damage. The orc closely misses you.
You hit the adder but do no damage. Something hits you. The adder bites you.
You are poisoned.
The adder poisons you! The orc barely misses you.
You closely miss the adder.
You feel sick. The adder bites you but does no damage.
Something hits you but does no damage.
You hit the adder.
The adder is lightly wounded.
The orc closely misses you. The adder bites you.
You are more poisoned.
The adder poisons you!
You hear some strange, mumbled words.
You are confused.
You're too confused to move!
You feel sick. The adder barely misses you. The orc closely misses you.
Something hits you.
* * * LOW HITPOINT WARNING * * *
The adder bites you but does no damage.
You miss something.
You feel sick. The orc hits you but does no damage.
Something hits you but does no damage. The adder bites you but does no damage.
You bump into the rock wall.
The orc barely misses you. The adder barely misses you.
You hear some strange, mumbled words.
A puff of flame appears from out of thin air!
The puff of flame hits you!
You die...

......,,,,,,,,,,,,,,,,,,,,,,,,,,,
.#####********,*************,,,**
.# *****,###**** *,,,* ##
*,,,,,...,,,*******,,,* #
#.#**,..#**,,,,,,,,,,,* #.# **#.#
********,,*,* #.# #.#
***#**,,,*,* #.# #S# *,.,,,,*,,,*
#.# #@# *.#***,,,*** #.# #{#
*#.##**,,,** #
##)#####o#*#...##.*,*,*
#########.....##o##o......,,,,*
..............##oo.oo...#,*,*,*
.########.....##..#o#.#...,,,,*
.# ##.#.###..#.#,,,*****,* .#
#.#.# ##.#.#.#.# *,* .# #.#.#
#.......# *,*


You could see an adder and 4 orcs.

Vanquished Creatures
  A worker ant (D:2)
  3 oozes (D:1)
  A dart slug (D:1)
  A leopard gecko (D:1)
  A ball python (D:1)
  4 giant cockroaches
  8 hobgoblins
  A jackal (D:1)
  A quokka (D:2)
  4 bats
  4 frilled lizards
  6 goblins
  4 kobolds
  4 rats
43 creatures vanquished.

Notes
Turn   | Place    | Note
-------+----------+-------------------------------------------
     0 | D:1      | HoaS the Demigod Gladiator began the quest for the Orb.
     0 | D:1      | Reached XP level 1. HP: 17/17 MP: 3/3
    43 | D:1      | Reached skill level 3 in Unarmed Combat
   106 | D:1      | Reached XP level 2. HP: 7/24 MP: 4/4
   904 | D:1      | Reached XP level 3. HP: 27/29 MP: 5/5
   937 | D:1      | Reached skill level 4 in Unarmed Combat
  1621 | D:2      | Reached XP level 4. HP: 36/36 MP: 6/6
  1867 | D:2      | Killed from afar by an orc wizard

Illustrated notes

Levels and vault maps discovered:
D:1:      lightli_arrival_noodles, layout_basic, minmay_heptomino_d4
D:2:      layout_loops_ring, nicolae_overflow_hidden_temple

Skill      XL: |  1  2  3 |
---------------+----------+-----
Unarmed Combat | 3 4 |  4.6
Fighting       | |  1.7
Throwing       | |  1.7
Dodging        | |  2.6

Action                   |  1- 3 |  4- 6 || total
-------------------------+-------+-------++-------
Melee: Unarmed           |   150 |    27 ||   177
       Punch             |     1 |       ||     1
  Use: Scroll            |     2 |       ||     2
Armor: Leather armour    |    45 |    13 ||    58
Dodge: Dodged            |    76 |    19 ||    95

Table legend: (Time is in decaauts)
 A = Elapsed time spent in this place.
 B = Non-inter-level travel time spent in this place.
 C = Inter-level travel time spent in this place.
 D = Time resting spent in this place.
 E = Time spent auto-exploring this place.
 F = Levels seen in this place.
 G = Mean time per level.
                   A        B        C        D        E       F      G
               +--------+--------+--------+--------+--------+-----+--------+
         Total |   1852 |   1849 |      3 |    896 |    641 |   2 |  926.0 |
       Dungeon |   1852 |   1849 |      3 |    896 |    641 |   2 |  926.0 |
               +--------+--------+--------+--------+--------+-----+--------+

Top non-repeatable levels by time:
     D:1: 1298 daAuts
     D:2: 554 daAuts
